 Dungeon Crawl Stone Soup version 0.31-a0-702-gf82c85558f (webtiles) character file.

Game seed: 11397521941498983089

156 Newt the Shooter (level 5, -4/35 HPs)
             Began as a Kobold Hunter on Sept 8, 2023.
             Killed by divine providence
             ... invoked by an orc priest
              (9 damage)
             ... on level 2 of the Dungeon.
             The game lasted 00:01:53 (2989 turns).

Newt the Shooter (Kobold Hunter)                    Turns: 2989, Time: 00:01:54

Health: -4/35      AC:  4    Str:  7 (8)  XL:     5   Next: 65%
Magic:  5/5        EV: 14    Int: 10 (11) God:
Gold:   84         SH:  0    Dex: 18 (20) Spells: 4/4 levels left

rFire   . . .        a - +0 shortbow
rCold   . . .        (shield currently unavailable)
rNeg    . . .        c - +0 leather armour
rPois   .            (no helmet)
rElec   .            e - +0 cloak
rCorr   .            (no gloves)
SInv    .            (no boots)
Will    .....        (no amulet)
Stlth   +++          (no ring)
HPRegen 0.25/turn    (no ring)
MPRegen 0.09/turn

%: no passive effects
@: hasted, very quick
A: small, no large weapons, nightstalker 3
a: no special abilities


You were on level 2 of the Dungeon.
You visited 1 branch of the dungeon, and saw 3 of its levels.

You collected 84 gold pieces.

Inventory:

Hand Weapons
 a - a +0 shortbow (weapon)
Armour
 c - a +0 leather armour (worn)
 e - a +0 cloak (worn)
Scrolls
 b - a scroll of butterflies
 f - 2 scrolls of teleportation
Potions
 d - a potion of mutation
 g - a potion of haste


   Skills:
 - Level 5.0 Fighting
 + Level 6.6 Ranged Weapons
 - Level 2.4 Dodging
 - Level 1.3 Stealth


You had 4 spell levels left.
You didn't know any spells.
Your spell library was empty.

Dungeon Overview and Level Annotations

Branches:
Dungeon (3/15)

Altars:

Shops:
D:2 (


Innate Abilities, Weirdness & Mutations

You are small and have problems with some larger weapons.
You are completely attuned to the shadows.


Message History

HP restored.
You start waiting.
Done waiting.
You start waiting.
Done waiting.
You climb downwards.
The orc priest misses you.
There is a stone staircase leading up here.
Unknown command.
The orc hits you but does no damage.
The orc priest hits you but does no damage.
The orc priest hits you with a +0 hand axe.
You climb upwards.
There is a stone staircase leading down here.
Unknown command.
Unknown command.
It was a potion of haste.
You feel yourself speed up. The orc priest barely misses you.
The orc priest hits you with a +0 dagger.
The orc hits you with a +0 dagger.
You shoot an arrow.
The arrow completely misses the orc priest.
The orc priest barely misses you. The orc priest completely misses you.
The orc misses you.
You shoot an arrow.
The arrow closely misses the orc priest.
You shoot an arrow. The arrow hits the orc priest!
The orc priest is heavily wounded.
The orc priest calls down the wrath of Beogh upon you.
Beogh smites you!
The orc priest mumbles some strange prayers to Beogh against you.
Pain shoots through your body!
* * * LOW HITPOINT WARNING * * *
The orc hits you but does no damage.
Unknown command.
It was a potion of degeneration.
There was something very wrong with that liquid.
You feel weakened.
You feel dopey.
You feel clumsy.
The orc priest calls down the wrath of Beogh upon you.
Beogh smites you!
You die...

###### #.o@o# ###
###o.#### #..
#######.....##########..
#.........#.............
#.........############..
#.........#....†.....##.
#.........#..........###
#.........#..##..##'##
#.........#)######..##


You could see 2 orc priests and an orc.

Vanquished Creatures
  An orc priest (D:2)
  Crazy Yiuf (D:2)
  5 adders (D:2)
  3 dart slugs
  3 orcs (D:2)
  4 ball pythons
  2 bats (D:2)
  4 giant cockroaches
  2 goblins (D:2)
  6 hobgoblins (D:1)
  3 jackals (D:1)
  2 quokkas (D:2)
  3 frilled lizards (D:2)
  5 kobolds
  2 rats
46 creatures vanquished.

Notes
Turn   | Place    | Note
-------+----------+-------------------------------------------
     0 | D:1      | Newt the Kobold Hunter began the quest for the Orb.
     0 | D:1      | Reached XP level 1. HP: 12/12 MP: 1/1
   380 | D:1      | Reached XP level 2. HP: 18/18 MP: 2/2
   485 | D:1      | Found a faded altar of an unknown god.
   856 | D:1      | Reached XP level 3. HP: 23/23 MP: 3/3
  1168 | D:2      | Found Atsu's Weapon Shoppe.
  1569 | D:2      | Reached XP level 4. HP: 30/30 MP: 4/4
  1849 | D:2      | Found a runed translucent door.
  1852 | D:2      | Noticed Crazy Yiuf
  1859 | D:2      | Killed Crazy Yiuf
  1860 | D:2      | Reached skill level 5 in Fighting
  2219 | D:2      | Reached XP level 5. HP: 35/35 MP: 5/5
  2313 | D:2      | Reached skill level 6 in Ranged Weapons
  2989 | D:2      | Killed from afar by an orc priest

Illustrated notes

Levels and vault maps discovered:
D:1:      lemuel_arrival_muddy, layout_loops_corners, basic_ecumenical_altar,
          minmay_misc_feat_rugged
D:2:      minmay_chambers_of_twos, layout_basic, serial_shops,
          nicolae_shop_bloodbath_and_beyond, uniq_crazy_yiuf_cottage
D:3:      layout_rooms, led_sif_book, mainiacjoe_overflow_24_doors

Skill      XL: |  1  2  3  4  5 |
---------------+----------------+-----
Fighting       | 3 4 5 |  5.0
Ranged Weapons | 6 |  6.6
Dodging        | |  2.4
Stealth        | |  1.3

Action                     |  1- 3 |  4- 6 || total
---------------------------+-------+-------++-------
   Fire: Shortbow          |    70 |    71 ||   141
    Use: Scroll            |     4 |     1 ||     5
         Potion            |       |     2 ||     2
 Armour: Leather armour    |    24 |    26 ||    50
  Dodge: Dodged            |    41 |    32 ||    73

Table legend: (Time is in decaauts)
 A = Elapsed time spent in this place.
 B = Non-inter-level travel time spent in this place.
 C = Inter-level travel time spent in this place.
 D = Time resting spent in this place.
 E = Time spent auto-exploring this place.
 F = Levels seen in this place.
 G = Mean time per level.
                   A        B        C        D        E       F      G
               +--------+--------+--------+--------+--------+-----+--------+
         Total |   3019 |   2833 |    186 |    697 |   1856 |   3 | 1006.3 |
       Dungeon |   3019 |   2833 |    186 |    697 |   1856 |   3 | 1006.3 |
               +--------+--------+--------+--------+--------+-----+--------+

Top non-repeatable levels by time:
     D:2: 1857 daAuts
     D:1: 1153 daAuts
     D:3: 8 daAuts
